 Dungeon Crawl Stone Soup version 0.18.1-50-g88ac8fd (webtiles) character file.

686 magog001 the Bolt Thrower (level 7, -2/59 HPs)
             Began as a Minotaur Hunter on Mar 9, 2017.
             Slain by an ogre
             ... wielding a +0 giant club
              (28 damage)
             ... on level 4 of the Dungeon.
             The game lasted 00:22:18 (4148 turns).

magog001 the Bolt Thrower (Minotaur Hunter)         Turns: 4148, Time: 00:22:18

Health: -2/59      AC:  6    Str: 18    XL:     7   Next: 35%
Magic:  6/6        EV: 12    Int:  8    God:
Gold:   150        SH:  0    Dex: 11    Spells: 0 memorised, 6 levels left

rFire  . . .     SeeInvis .     b - +2 short sword (venom)
rCold  . . .     Gourm    .     i - +0 ring mail
rNeg   . . .     Faith    .     (no shield)
rPois  .         Spirit   .     (helmet restricted)
rElec  .         Dismiss  .     (no cloak)
rCorr  .         Reflect  .     (no gloves)
SustAt .         Harm     .     (no boots)
MR     .....                    (no amulet)
Stlth  ++........               (no ring)
                                o - ring of stealth

@: not resistant to hostile enchantments, unstealthy
A: retaliatory headbutt, horns 2
a: no special abilities


You were on level 4 of the Dungeon.
You were not hungry.

You visited 1 branch of the dungeon, and saw 4 of its levels.

You collected 150 gold pieces.

Inventory:

Hand Weapons
 a - a +1 hand crossbow
 b - a +2 short sword of venom (weapon)
 e - a +2 dagger of draining
Missiles
 d - 12 bolts
 n - 75 stones (quivered)
 p - 8 poisoned needles
Armour
 i - a +0 ring mail (worn)
 r - a cursed -2 robe
Jewellery
 o - a ring of stealth (left hand)
Wands
 j - a wand of confusion (21/48)
Scrolls
 c - 2 scrolls of identify
 k - 4 scrolls of remove curse
 t - a scroll of enchant weapon {unknown}
Potions
 g - a potion of ambrosia
 l - 2 potions of berserk rage
 m - 2 potions of brilliance
 q - a potion of cancellation {unknown}
 s - a potion of curing
Comestibles
 f - 4 bread rations
 h - 3 chunks of flesh


   Skills:
 * Level 4.1 Fighting
 + Level 1.2 Short Blades
 + Level 6.3 Crossbows
 + Level 0.2 Throwing
 * Level 5.8 Armour
 + Level 3.3 Dodging
 * Level 2.2 Stealth


You had 6 spell levels left.
You didn't know any spells.

Dungeon Overview and Level Annotations

Branches:
Dungeon (4/15)
 Temple: D:4-7

Altars:
Cheibriados
Dithmenos
Elyvilon
Qazlal
Vehumet
Yredelemnul
The Shining One


Innate Abilities, Weirdness & Mutations

You reflexively headbutt those who attack you in melee.
You have a pair of horns on your head.


Message History

Things that are here:
a hand axe; a leather armour You now have 141 gold pieces (gained 16).
Things that are here:
a hand axe; a leather armour You now have 150 gold pieces (gained 9).
Found a scroll labeled ABAFYTW YMECY and a long sword.
t - a scroll labeled ABAFYTW YMECY You see here a long sword.
You see here a long sword.
An ogre comes into view. It is wielding a giant club.
The ogre shouts!
The ogre hits you with a giant club!
You hit the ogre.
The ogre is poisoned.
The ogre is lightly wounded.
The ogre hits you with a giant club!!
You hit the ogre.
The ogre looks even sicker.
You headbutt the ogre!
The ogre is severely wounded.
The ogre hits you with a giant club!!
You die...

####### .....
###########.########
#.....@O............
#.#########.########
### #.# #.###########
#.####.###
#.##........#
#..).....#
#.##........#
#...##.####.#.#
####)##........#
⌠...8#.#
#.#.####.....#........#
#...##.#
#.#..#.......#........#
#...##.#
#.##.#................#


You could see an ogre.

Vanquished Creatures
  Grinder (D:3)
  2 ogres (D:4)
  2 orc wizards (D:3)
  Terence (D:3)
  An iguana (D:3)
  4 worker ants (D:4)
  5 adders
  An ooze (D:2)
  2 adder skeletons (D:4)
  3 worms
  2 dart slugs (D:1)
  3 giant geckos
  5 orcs
  4 bats
  A giant cockroach (D:2)
  8 goblins
  6 hobgoblins
  10 jackals
  5 kobolds
  A quokka (D:2)
  A giant gecko skeleton (D:4)
  4 giant newts
  6 rats
78 creatures vanquished.

Vanquished Creatures (others)
  A quokka (D:4)
1 creature vanquished.

Grand Total: 79 creatures vanquished

Notes
Turn   | Place    | Note
--------------------------------------------------------------
     0 | D:1      | magog001 the Minotaur Hunter began the quest for the Orb.
     0 | D:1      | Reached XP level 1. HP: 18/18 MP: 0/0
   380 | D:1      | Reached XP level 2. HP: 25/25 MP: 1/1
   523 | D:1      | Reached skill level 5 in Crossbows
  1177 | D:2      | Reached XP level 3. HP: 30/30 MP: 2/2
  1180 | D:2      | Found a radiant altar of Vehumet.
  1348 | D:2      | Reached skill level 1 in Armour
  1351 | D:2      | Found a stormy altar of Qazlal.
  1716 | D:2      | Found a basalt altar of Yredelemnul.
  1805 | D:2      | Found a faded altar to an unknown god.
  1810 | D:2      | Reached XP level 4. HP: 37/37 MP: 3/3
  2195 | D:3      | Found a glowing golden altar of the Shining One.
  2242 | D:3      | Reached skill level 1 in Stealth
  2503 | D:3      | Noticed Terence
  2513 | D:3      | Killed Terence
  2513 | D:3      | Reached XP level 5. HP: 41/45 MP: 4/4
  2689 | D:3      | Reached skill level 6 in Crossbows
  2974 | D:3      | Found a snail-covered altar of Cheibriados.
  2995 | D:3      | Noticed Grinder
  3003 | D:3      | Paralysed by Grinder for 6 turns
  3017 | D:3      | Paralysed by Grinder for 3 turns
  3025 | D:3      | Killed Grinder
  3025 | D:3      | Reached XP level 6. HP: 10/52 MP: 5/5
  3403 | D:4      | Found a shadowy altar of Dithmenos.
  3537 | D:4      | Reached skill level 5 in Armour
  3537 | D:4      | Reached XP level 7. HP: 58/58 MP: 6/6
  3603 | D:4      | Found a white marble altar of Elyvilon.
  3646 | D:4      | Reached skill level 1 in Short Blades
  4148 | D:4      | Slain by an ogre

Skill      XL: |  1  2  3  4  5  6  7 |
---------------+----------------------+-----
Crossbows      | 5 6 |  6.3
Armour         | 1 2 4 5 |  5.8
Stealth        | 1 2 |  2.2
Fighting       | 3 4 |  4.1
Short Blades   | 1 |  1.2
Dodging        | 3 |  3.3
Throwing       | |  0.2

Action                   |  1- 3 |  4- 6 |  7- 9 || total
-------------------------+-------+-------+-------++-------
Melee: Dagger            |     8 |    33 |       ||    41
       Headbutt          |     3 |    12 |     4 ||    19
       Short sword       |       |    50 |    26 ||    76
 Fire: Hand crossbow     |    81 |     2 |       ||    83
Throw: Stone             |     1 |       |       ||     1
  Use: Scroll            |     2 |     4 |       ||     6
       Potion            |     2 |     2 |       ||     4
 Stab: Sleeping          |       |     4 |     2 ||     6
  Eat: Chunk             |     3 |     3 |       ||     6
       Pizza             |       |     1 |       ||     1
       Meat ration       |       |     1 |       ||     1
Armor: Ring mail         |    12 |    22 |     7 ||    41
Dodge: Dodged            |    27 |    41 |    10 ||    78
